 Dungeon Sprint DCSS version bcrawl-1.20.1-3-gdcb1fc31ed (webtiles) character file.

Game seed: 16743691902986683309

9873 Freyura the Basher (level 11, -1/107 HPs)
             Began as a Formicid Fighter on Jan 28, 2020.
             Was the Champion of Makhleb.
             Slain by an orc knight
             ... wielding a +0 dire flail
              (19 damage)
             ... in the Dungeon (Sprint IX: "|||||||||||||||||||||||||||||").
             The game lasted 00:08:46 (993 turns).

Freyura the Basher (Formicid Fighter)                Turns: 993, Time: 00:08:46

Health: -1/107     AC: 18    Str: 21    XL:     11   Next: 82%
Magic:  18/18      EV: 16    Int:  8    God:    Makhleb [******]
Gold:   330        SH: 13    Dex: 16    Spells: 10/10 levels left

rFire    . . .     SeeInvis +   l - +2 dire flail (protect)
rCold    . . .     Gourm    .   c - +0 shield
rNeg     . . .     Faith    .   m - +1 chain mail
rPois    .         Spirit   .   (helmet unavailable)
rElec    .         Reflect  .   (no cloak)
rCorr    .         Harm     .   (no gloves)
MR       +....                  a - +0 pair of boots
Stlth    ..........             (no amulet)
HPRegen  0.27/turn              o - +3 ring of dexterity
MPRegen  0.16/turn              n - +2 ring of evasion

@: protection aura
A: permanent stasis, dig shafts and tunnels, four strong arms, antennae 3,
rugged brown scales 1, deformed body, low mp 1, robust 1
a: Dig, Minor Destruction, Lesser Servant of Makhleb, Major Destruction, Greater
Servant of Makhleb, Renounce Religion


You were in the Dungeon.
You worshipped Makhleb.
Makhleb was exalted by your worship.
You were not hungry.

You visited 1 branch You collected 330 gold pieces.

Inventory:

Hand Weapons
 l - a +2 dire flail of protection (weapon)
Armour
 a - a +0 pair of boots (worn)
 c - a +0 shield (worn)
 m - a +1 chain mail (worn)
Jewellery
 n - a +2 ring of evasion (right hand)
 o - a +3 ring of dexterity (left hand)
Wands
 s - a wand of acid (10)
Scrolls
 q - 9 scrolls of remove curse
 r - 2 scrolls of amnesia
 u - a scroll of identify
Potions
 f - 5 potions of curing
 g - 2 potions of resistance
 i - 4 potions of magic
 p - 4 potions of heal wounds
Comestibles
 b - 3 chunks of flesh
 e - 11 rations {!d}


   Skills:
 + Level 12.1 Fighting
 * Level 14.8 Maces & Flails
 + Level 12.2 Armour
 + Level 10.0 Dodging
 + Level 13.1 Shields
 + Level 12.0 Invocations


You had 10 spell levels left.
You didn't know any spells.
Your spell library was empty.

Dungeon Overview and Level Annotations

Branches:
Dungeon (1/1)

Altars:
Cheibriados
Dithmenos
Elyvilon
Fedhas
Gozag
Hepliaklqana
Kikubaaqudgha
Lugonu
Makhleb
Nemelex Xobeh
Okawaru
Qazlal
Ru
Sif Muna
Trog
Uskayaw
Vehumet
Wu Jian
Xom
Yredelemnul
Zin
The Shining One
Beogh
Jiyva


Innate Abilities, Weirdness & Mutations

You cannot be hasted, slowed, berserked, paralysed or teleported.
You can dig through walls and to a lower floor.
Your four strong arms can wield two-handed weapons with a shield.
You have a pair of large antennae on your head. (SInv)
You are partially covered in rugged brown scales. (AC +1, +3% HP)
Armour fits poorly on your strangely shaped body.
Your magical capacity is low. (-10% MP)
You are robust. (+10% HP)


Message History

You hit the orc knight but do no damage.
The orc knight is heavily wounded.
The orc knight roars a battlecry!
The orc warrior goes into a battle-frenzy!
The orc knight hits you with a +0 dire flail.
You closely miss the orc knight.
The orc knight is heavily wounded.
You hit the orc knight.
The orc knight is severely wounded.
The orc knight misses you.
You hit the orc knight.
The orc knight is severely wounded.
You hit the orc knight.
The orc knight is severely wounded.
The orc knight hits you with a +0 dire flail!!!
* * * LOW HITPOINT WARNING * * *
You hit the orc knight.
The orc knight is severely wounded.
The orc knight hits you with a +0 dire flail!!
You die...

|..'________________________'....
▓▓▓▓▓▓▓▓▓▓▓▓▓▓▓▓▓▓▓▓▓▓▓▓▓▓▓▓▓▓▓▓▓
.................................
▓▓▓▓▓▓▓▓▓▓▓▓▓▓▓▓▓▓▓▓▓▓▓▓▓▓▓▓▓▓▓▓▓
..††.........†††.......').....[..
▓▓▓▓▓▓▓▓▓▓▓▓▓▓▓▓▓▓▓▓▓▓▓▓▓▓▓▓▓▓▓▓▓
.................................
▓▓▓▓▓▓▓▓▓▓▓▓▓▓▓▓▓▓▓▓▓▓▓▓▓▓▓▓▓▓▓▓▓


{{{{ {{{{ooooooo@).......).))[)). ▓▓▓▓▓▓▓▓▓▓▓▓▓▓▓▓▓▓▓▓▓▓▓▓ {{ You could see 2
orc knights and 5 orc warriors.

Vanquished Creatures
  3 hydras (D)
  An alligator (D)
  A skeletal warrior (D)
  A deep elf mage (D)
  An ugly thing (D)
  An orc sorcerer (D)
  4 cane toads (D)
  2 black mambas (D)
  A rime drake (D)
  2 tyrant leeches (D)
  2 blink frogs (D)
  4 hippogriffs (D)
  A wyvern (D)
  A wraith (D)
  2 vampire mosquitoes (D)
  3 crocodiles (D)
  A water moccasin (D)
  An ice beast (D)
  3 orc warriors (D)
  A phantom (D)
  2 sky beasts (D)
  An eye of draining (D)
  2 bullfrogs (D)
  A scorpion (D)
  2 hounds (D)
  3 orc priests (D)
  2 orc wizards (D)
  A dart slug (D)
  7 orcs (D)
  A goblin (D)
  A quokka (D)
  2 bats (D)
  A leopard gecko zombie (D)
  A rat (D)
63 creatures vanquished.

Notes
Turn   | Place    | Note
-------+----------+-------------------------------------------
     0 | D        | Freyura the Formicid Fighter began the quest for the Orb.
     0 | D        | Reached XP level 1. HP: 18/18 MP: 1/1
    14 | D        | Reached skill level 1 in Dodging
    14 | D        | Reached XP level 2. HP: 25/25 MP: 2/2
    19 | D        | Noticed a phantom
    19 | D        | Noticed a scorpion
    26 | D        | Reached skill level 3 in Maces & Flails
    30 | D        | Killed a scorpion
    30 | D        | Reached skill level 4 in Maces & Flails
    30 | D        | Reached skill level 5 in Shields
    30 | D        | Reached XP level 3. HP: 15/31 MP: 3/3
    30 | D        | Reached XP level 4. HP: 18/38 MP: 4/4
    37 | D        | Reached skill level 5 in Fighting
    37 | D        | Reached skill level 5 in Maces & Flails
    37 | D        | Reached skill level 5 in Armour
    45 | D        | Found a roughly hewn altar of Beogh.
    45 | D        | Found a snail-covered altar of Cheibriados.
    45 | D        | Found a shadowy altar of Dithmenos.
    45 | D        | Found a white marble altar of Elyvilon.
    45 | D        | Found a blossoming altar of Fedhas.
    45 | D        | Found an opulent altar of Gozag.
    46 | D        | Found a hazy altar of Hepliaklqana.
    47 | D        | Found a viscous altar of Jiyva.
    48 | D        | Found an ancient bone altar of Kikubaaqudgha.
    49 | D        | Found a corrupted altar of Lugonu.
    50 | D        | Found a burning altar of Makhleb.
    51 | D        | Found a sparkling altar of Nemelex Xobeh.
    52 | D        | Found an iron altar of Okawaru.
    53 | D        | Found a stormy altar of Qazlal.
    54 | D        | Found a sacrificial altar of Ru.
    55 | D        | Found a shimmering blue altar of Sif Muna.
    56 | D        | Found a bloodstained altar of Trog.
    57 | D        | Found a hide-covered altar of Uskayaw.
    58 | D        | Found a radiant altar of Vehumet.
    59 | D        | Found an ornate altar of the Wu Jian Council.
    60 | D        | Found a shimmering altar of Xom.
    61 | D        | Found a basalt altar of Yredelemnul.
    62 | D        | Found a glowing silver altar of Zin.
    63 | D        | Found a glowing golden altar of the Shining One.
   119 | D        | Became a worshipper of Makhleb the Destroyer
   126 | D        | Killed a phantom
   126 | D        | Reached skill level 6 in Maces & Flails
   126 | D        | Reached XP level 5. HP: 38/46 MP: 4/7
   145 | D        | Got the +2 scimitar "Spiderbane" {drain, rPois Dex+6}
   163 | D        | Noticed a skeletal warrior
   163 | D        | Noticed a purple ugly thing
   163 | D        | Noticed an eye of draining
   163 | D        | Noticed a six-headed hydra
   171 | D        | Killed a six-headed hydra
   171 | D        | Reached skill level 9 in Maces & Flails
   171 | D        | Reached skill level 5 in Dodging
   171 | D        | Reached XP level 6. HP: 32/56 MP: 0/10
   171 | D        | Reached XP level 7. HP: 35/61 MP: 0/11
   171 | D        | Reached XP level 8. HP: 39/68 MP: 0/12
   174 | D        | Reached * piety under Makhleb
   184 | D        | Killed a brown ugly thing
   184 | D        | Reached skill level 10 in Maces & Flails
   187 | D        | Killed a skeletal warrior
   187 | D        | Reached ** piety under Makhleb
   187 | D        | Reached skill level 11 in Maces & Flails
   187 | D        | Reached skill level 10 in Shields
   187 | D        | Reached XP level 9. HP: 76/76 MP: 2/15
   196 | D        | Noticed a deep elf mage
   199 | D        | Noticed a soul eater
   228 | D        | Reached *** piety under Makhleb
   233 | D        | Noticed a demonic crawler
   238 | D        | Killed a deep elf mage
   252 | D        | Reached skill level 12 in Maces & Flails
   252 | D        | Reached XP level 10. HP: 48/85 MP: 9/16
   508 | D        | Gained mutation: You are partially covered in rugged brown
                  | scales. (AC +1, +3% HP) [potion of mutation]
   508 | D        | Gained mutation: Your magical capacity is low. (-10% MP)
                  | [potion of mutation]
   508 | D        | Gained mutation: Armour fits poorly on your strangely
                  | shaped body. [potion of mutation]
   508 | D        | Gained mutation: You are robust. (+10% HP) [potion of
                  | mutation]
   509 | D        | Noticed a black mamba
   511 | D        | Noticed a cane toad
   517 | D        | Reached **** piety under Makhleb
   527 | D        | Killed a black mamba
   527 | D        | Reached skill level 10 in Fighting
   527 | D        | Reached skill level 10 in Armour
   553 | D        | Killed a cane toad
   553 | D        | Reached ***** piety under Makhleb
   573 | D        | Noticed a rime drake
   582 | D        | Killed a rime drake
   582 | D        | Reached skill level 10 in Invocations
   600 | D        | Noticed a seven-headed hydra
   600 | D        | Noticed an alligator
   600 | D        | Noticed a five-headed hydra
   600 | D        | Noticed a black mamba
   604 | D        | Noticed a cane toad
   605 | D        | Reached skill level 13 in Maces & Flails
   613 | D        | Killed a five-headed hydra
   624 | D        | Killed a black mamba
   624 | D        | Reached XP level 11. HP: 105/105 MP: 17/17
   644 | D        | Killed an alligator
   658 | D        | Killed a seven-headed hydra
   668 | D        | Reached ****** piety under Makhleb
   668 | D        | Reached skill level 14 in Maces & Flails
   959 | D        | Noticed an orc knight
   959 | D        | Noticed an orc sorcerer
   970 | D        | Killed an orc sorcerer
   970 | D        | Reached skill level 10 in Dodging
   974 | D        | Noticed an orc knight
   993 | D        | Slain by an orc knight

Skill      XL: |  1  2  3  4  5  6  7  8  9 10 11 |
---------------+----------------------------------+-----
Shields        | 4 5 6 8 10 11 13 | 13.1
Dodging        | 1 2 3 5 7 9 10 | 10.0
Maces & Flails | 4 6 9 11 12 13 14 | 14.8
Fighting       | 4 5 7 9 11 12 | 12.1
Armour         | 4 5 7 9 11 12 | 12.2
Invocations    | 2 6 8 9 10 12 | 12.0

Action                   |  1- 3 |  4- 6 |  7- 9 | 10-12 || total
-------------------------+-------+-------+-------+-------++-------
Melee: Flail             |    19 |     9 |       |       ||    28
       Dire flail        |       |    15 |    71 |   267 ||   353
Invok: Greater Servant o |       |       |       |     2 ||     2
  Use: Potion            |       |     4 |       |     2 ||     6
 Stab: Invisible         |       |       |     3 |       ||     3
  Eat: Chunk             |       |       |       |     1 ||     1
Armor: Scale mail        |     7 |     6 |       |       ||    13
       Chain mail        |       |     7 |    13 |    50 ||    70
Dodge: Dodged            |     9 |    18 |    15 |   108 ||   150
Block: Shield            |     4 |    15 |    23 |   114 ||   156
